 Dungeon Crawl Stone Soup version 0.32-a0-17-gb74e046682 (webtiles) character file.

Game seed: 8580266308138292191

4582 ICEMaiden the Trooper (level 10, 0/63 HPs)
             Began as a Gargoyle Earth Elementalist on Nov 17, 2023.
             Was a Follower of Sif Muna.
             Slain by a yak (11 damage)
             ... on level 8 of the Dungeon on Jan 16, 2024.
             The game lasted 00:42:15 (10447 turns).

ICEMaiden the Trooper (GrEE)                       Turns: 10447, Time: 00:42:16

Health: 0/63       AC: 13    Str: 16    XL:     10   Next: 41%
Magic:  11/17      EV: 13    Int: 16    God:    Sif Muna [*.....]
Gold:   338        SH:  0    Dex: 10    Spells: 7/18 levels left

rFire   + . .        a - +8 hand axe "Transmigrator" {venom, ^Drain rElec rN+}
rCold   . . .        (no shield)
rNeg    + + .        C - +2 robe
rPois   ∞            (no helmet)
rElec   +            l - +0 cloak
rCorr   .            h - +0 pair of gloves
SInv    .            (no boots)
Will    .....        (no amulet)
Stlth   +++          r - ring of protection from fire
HPRegen 0.30/turn    (no ring)
MPRegen 0.15/turn

%: no passive effects
@: no status effects
A: sickness immunity, AC +7, negative energy resistance 1, electricity
resistance, torment resistance 1, petrification resistance
a: Renounce Religion, Channel Magic


You were on level 8 of the Dungeon.
You worshipped Sif Muna.
Sif Muna was aware of your devotion.
You visited 2 branches of the dungeon, and saw 10 of its levels.
You also visited: Ossuary.

You collected 486 gold pieces.
You spent 148 gold pieces at shops.

Inventory:

Hand Weapons
 a - the +8 hand axe "Transmigrator" (weapon) {venom, ^Drain rElec rN+}
   (You found it on level 4 of the Dungeon)

   rElec:     It insulates you from electricity.
   rN+:       It protects you from negative energy.
   ^Drain:    It drains your maximum health when unequipped.
Missiles
 y - 3 throwing nets
 F - 5 curare-tipped darts
Armour
 h - a +0 pair of gloves (worn)
 l - a +0 cloak (worn)
 s - a +1 leather armour of willpower
 C - a +2 robe (worn)
 J - a +2 robe of positive energy
Jewellery
 r - a ring of protection from fire (left hand)
Wands
 I - a wand of digging (5)
 V - a wand of flame (2)
Scrolls
 d - a scroll of butterflies {unknown}
 f - a scroll of enchant weapon {unknown}
 g - a scroll of noise {unknown}
 j - a scroll of silence {unknown}
 m - 7 scrolls of teleportation {unknown}
 o - a scroll of acquirement {unknown}
 q - 3 scrolls of enchant armour {unknown}
 t - 3 scrolls of fog {unknown}
 u - 2 scrolls of fear
 w - a scroll of revelation {unknown}
 x - 2 scrolls of vulnerability {unknown}
 D - a scroll of blinking {unknown}
 E - 2 scrolls of brand weapon {unknown}
 H - a scroll of immolation {unknown}
Potions
 b - 2 potions of magic
 c - 2 potions of lignification {unknown}
 e - 3 potions of curing
 i - 2 potions of brilliance
 k - a potion of attraction {unknown}
 n - 4 potions of heal wounds
 p - 5 potions of might
 v - 2 potions of resistance
 z - 2 potions of haste
 A - a potion of mutation {unknown}
 B - a potion of berserk rage {unknown}
 K - a potion of invisibility


   Skills:
 * Level 7.3 Fighting
 + Level 3.4 Armour
 * Level 6.0 Dodging
 - Level 5.0 Stealth
 + Level 4.9 Spellcasting
 + Level 5.1 Conjurations
 + Level 0.7 Ice Magic
 + Level 0.4 Air Magic
 + Level 7.1 Earth Magic
 - Level 4.0 Alchemy
 + Level 0.8 Invocations


You had 7 spell levels left.
You knew the following spells:

 Your Spells              Type           Power      Damage    Failure   Level
a - Sandblast             Erth           52%        2d12      1%          1
d - Brom's Barrelling Bo  Conj/Erth      23%        2d4       12%         4
s - Stone Arrow           Conj/Erth      46%        3d9       3%          3
Z - Passwall              Erth           26%        N/A       2%          3

Your spell library contained the following spells:

 Spells                   Type           Power      Damage    Failure   Level
 Mercury Vapours          Alch/Air       22%        N/A       10%         2
 Mephitic Cloud           Conj/Alch/Air  14%        N/A       12%         3
 Petrify                  Alch/Erth      21%        N/A       16%         4
 Freezing Cloud           Conj/Ice/Air   5%         6-21      87%         5


Dungeon Overview and Level Annotations

Branches:
Dungeon (9/15)             Temple (1/1) D:7             Orc (0/2) D:9
Ossuary (visited)
   Lair: D:8-11

Altars:
Ashenzari
Cheibriados
Dithmenos
Elyvilon
Fedhas
Gozag
Hepliaklqana
Kikubaaqudgha
Makhleb
Nemelex Xobeh
Okawaru
Qazlal
Ru
Sif Muna
Trog
Uskayaw
Vehumet
Wu Jian
Xom
Yredelemnul
Zin
The Shining One

Shops:
D:1 *   D:2 *(   D:9 ?**

Annotations:
D:8 Erica


Innate Abilities, Weirdness & Mutations

You are immune to sickness and miasma.
Your stone body is resilient. (AC +7)
You are immune to poison.
You resist negative energy. (rN+)
You are resistant to electric shocks. (rElec)
You are resistant to unholy torment.
You are immune to petrification.


Message History

Unknown command.
The centaur shouts!
The centaur wields a +0 shortbow.
The centaur shoots an arrow.
The arrow completely misses you.
Things that are here:
a +0 dagger; an orc corpse The yak attacks as it pursues you!
The yak gores you but does no damage.
Things that are here:
a +0 dagger; a +0 robe The yak attacks as it pursues you!
The yak gores you but does no damage. The yak attacks as it pursues you!
The yak barely misses you.
The centaur shoots an arrow.
The arrow barely misses you. The yak attacks as it pursues you!
The yak gores you!
Things that are here:
a +0 dagger; an orc corpse The centaur shoots an arrow.
The arrow hits you but does no damage. The yak attacks as it pursues you!
The yak barely misses you. The yak attacks as it pursues you!
The yak gores you. The yak attacks as it pursues you! The yak gores you!
The centaur shoots an arrow.
The arrow barely misses you. The yak attacks as it pursues you!
The yak gores you!
The centaur shoots an arrow.
The arrow closely misses you.
There is a stone staircase leading up here.
The yak gores you but does no damage.
You climb upwards.
Level annotation: Erica
There is a stone staircase leading down here.
Okay, then.
Casting: Sandblast (safe; 1% risk of failure)
Confirm with . or Enter, or press ? or * to list all spells.
Aiming: Brom's Barrelling Boulder (dangerous; 12% risk of failure)
Press: ? - help, Dir - move target, f - you There's a thick-headed creature in the way.
Okay, then.
The yak misses you. The yak gores you!
* * * LOW HITPOINT WARNING * * *
The yak attacks as it pursues you! The yak closely misses you.
The yak attacks as it pursues you! The yak gores you!
You die...

..................# #..#
#.#..#. ..................#
#..# #.#.##.
######'##.........# #..#
#.#.... ###'##.........# #.)#
#.##### #..............# #..#
#.#....
#..##.#############..###.#.###
#..#8.8#..........#........###
#........########.#.####......
#..#8.8###...@Y...#.##########
#..##.## #.#####.>#.........#
#.....# #.# #..#...#####.##
#....## #.# #..#...# #.#.
#....# #.#####[.#...# #.#.
##########.....#..#...#####.#.
#.............#..'...'...#.##
#.........#####.##...###.#...
#...............#......#.####


You could see a yak.

Vanquished Creatures
  A troll (D:9)
  A wyvern (D:8)
  A yak (D:9)
  A wraith (D:9)
  2 water moccasins (D:9)
  2 orc warriors (D:8)
  An ice beast (D:5)
  3 black bears
  An ogre (D:5)
  3 centaurs
  4 phantoms
  Blork the orc (D:6)
  3 kobold brigands
  A bullfrog (D:8)
  3 gnoll sergeants (D:7)
  3 scorpions
  A howler monkey (D:7)
  10 hounds
  4 centaur zombies (Ossuary)
  4 jellies
  Crazy Yiuf (D:6)
  An orc priest (D:9)
  2 gnoll boudas (D:7)
  2 sleepcaps (D:5)
  3 iguanas
  Natasha (thrice) (D:2)
  10 orc wizards
  5 mummies (Ossuary)
  27 gnolls
  21 adders
  2 shadow imps (D:6)
  A white imp (D:7)
  2 ribbon worms
  3 dart slugs
  32 orcs
  5 bats
  7 endoplasms
  6 giant cockroaches
  8 hobgoblins
  11 jackals (D:7)
  2 quokkas
  7 ball pythons
  6 frilled lizards
  5 goblins
  6 hobgoblin zombies (Ossuary)
  19 kobolds
  2 rats (D:3)
249 creatures vanquished.

Vanquished Creatures (collateral kills)
  10 boulders
10 creatures vanquished.

Vanquished Creatures (others)
  5 boulders
5 creatures vanquished.

Grand Total: 264 creatures vanquished

Notes
Turn   | Place    | Note
-------+----------+-------------------------------------------
     0 | D:1      | ICEMaiden the Gargoyle Earth Elementalist began the quest
                  | for the Orb.
     0 | D:1      | Reached XP level 1. HP: 10/10 MP: 3/3
   247 | D:1      | Reached skill level 1 in Transmutations
   247 | D:1      | Reached XP level 2. HP: 15/15 MP: 3/5
   477 | D:1      | Found Coavid's General Store.
  1023 | D:2      | Reached XP level 3. HP: 13/19 MP: 0/6
  1144 | D:2      | Noticed Natasha
  1150 | D:2      | Killed Natasha
  1245 | D:2      | Noticed Natasha
  1252 | D:2      | Killed Natasha
  1253 | D:2      | Reached skill level 1 in Fighting
  1253 | D:2      | Reached XP level 4. HP: 23/25 MP: 1/7
  1502 | D:2      | Noticed Natasha
  1507 | D:2      | Killed Natasha
  1508 | D:2      | Reached XP level 5. HP: 29/29 MP: 2/8
  1564 | D:2      | Found a faded altar of an unknown god.
  1745 | D:2      | Reached skill level 1 in Conjurations
  1769 | D:2      | Found Ipletigg's Weapon Shoppe.
  1880 | D:2      | Found Vaun's General Store.
  1954 | D:2      | Bought a scroll of fear for 44 gold pieces
  1988 | D:2      | Found Jimpu's Jewellery Shop.
  2974 | D:4      | Reached XP level 6. HP: 13/35 MP: 5/10
  3184 | D:4      | Found a blossoming altar of Fedhas.
  3422 | D:4      | Noticed a black bear
  3743 | D:4      | Killed a black bear
  3744 | D:4      | Reached XP level 7. HP: 28/40 MP: 7/11
  4006 | D:4      | Found an ornate altar of the Wu Jian Council.
  4073 | D:4      | Identified the +8 hand axe "Transmigrator" {venom, Drain
                  | rElec rN+}
  4114 | D:4      | Learned a level 3 spell: Passwall
  4118 | D:4      | Learned a level 3 spell: Stone Arrow
  4123 | D:4      | Learned a level 4 spell: Brom's Barrelling Boulder
  4151 | D:5      | Entered Level 5 of the Dungeon
  4282 | D:5      | Reached skill level 5 in Earth Magic
  4629 | D:5      | Found an iron altar of Okawaru.
  4698 | D:5      | Reached XP level 8. HP: 10/48 MP: 1/12
  5628 | D:6      | Found a snail-covered altar of Cheibriados.
  5687 | D:6      | Found a sand-covered staircase.
  5691 | D:6      | Noticed Blork the orc
  5700 | D:6      | Killed Blork the orc
  5710 | D:6      | Found a runed translucent door.
  5764 | Ossuary  | Entered an ossuary
  5774 | Ossuary  | Reached skill level 5 in Fighting
  5841 | Ossuary  | Reached skill level 5 in Stealth
  5976 | D:6      | Reached XP level 9. HP: 54/54 MP: 14/14
  6253 | D:6      | Noticed Crazy Yiuf
  6396 | D:6      | Killed Crazy Yiuf
  6556 | D:7      | Reached skill level 1 in Armour
  7049 | D:7      | Reached skill level 5 in Dodging
  7534 | D:7      | Found a staircase to the Ecumenical Temple.
  7543 | Temple   | Entered the Ecumenical Temple
  7551 | Temple   | Became a worshipper of Sif Muna the Loreminder
  7861 | D:7      | Found an opulent altar of Gozag.
  7861 | D:7      | Found a sparkling altar of Nemelex Xobeh.
  8177 | D:8      | Found a glowing silver altar of Zin.
  8307 | D:8      | Reached XP level 10. HP: 61/61 MP: 12/16
  8531 | D:8      | Found a bloodstained altar of Trog.
  8981 | D:8      | Noticed Erica
  9174 | D:8      | Upgraded the game from 0.31-a0-986-g5e6e4ef867 to
                  | 0.31-a0-1300-gb6740aa4e6
  9539 | D:9      | Found Joric's Magic Scroll Boutique.
  9561 | D:9      | Noticed a kobold demonologist
  9664 | D:9      | Found Vedumom's General Store.
  9753 | D:9      | Reached skill level 5 in Conjurations
 10005 | D:9      | Upgraded the game from 0.31-a0-1300-gb6740aa4e6 to
                  | 0.31-a0-1549-g5ff9445e89
 10005 | D:9      | Upgraded the game from 0.31-a0-1549-g5ff9445e89 to
                  | 0.32-a0-17-gb74e046682
 10059 | D:8      | Reached * piety under Sif Muna
 10152 | D:9      | Found a staircase to the Orcish Mines.
 10352 | D:9      | Found Kixom's General Store.
 10380 | D:9      | Bought a potion of invisibility for 104 gold pieces
 10447 | D:8      | Slain by a yak

Illustrated notes

Levels and vault maps discovered:
D:1:      tekkud_arrival_beachfront_property, layout_basic, serial_shops, shop
D:2:      layout_loops_ring, shapermc_ecumenical_altar_acropolis, serial_shops,
          shop, shop, shop, minmay_box_of_dots, uniq_natasha
D:3:      layout_loops_ring, corexii_item_surrounded_by_moat
D:4:      layout_basic, nicolae_wu_jian_wuxing_cycle,
          mainiacjoe_overflow_surrounded_room, st_stairs_6, serial_bayou_pond_a,
          kennysheep_decorative_pillar
D:5:      layout_loops_cross, amcnicky_altar_gilded, serial_glass,
          glass_columns_b, glass_columns_c
D:6:      layout_rooms, cheibrodos_worm_habitat,
          nicolae_ossuary_entry_false_entrances, st_stairs_10,
          uniq_blork_the_orc, uniq_crazy_yiuf_cottage
D:7:      layout_cave_pools, grunt_temple_overflow_opulence,
          minmay_temple_entry_purple_smoke, serial_gnoll_camp,
          gnoll_camp_mini_doghouse, gnoll_camp_huts_basic, gnoll_camp_medium_02,
          gnoll_camp_mini_house, gnoll_camp_mini_doghouse
D:8:      layout_basic, kennysheep_little_box, general_overflow_altar,
          small_statue_intersection, uniq_erica
D:9:      layout_small_grid, david_orc_2, serial_shops,
          nicolae_shop_back_alley_shop, shop, nicolae_take_the_stairs,
          nicolae_shop_peninsula, nicolae_shop_statue_plus, minivault_25
Temple:   eino_temple_lava

Skill      XL: |  1  2  3  4  5  6  7  8  9 10 |
---------------+-------------------------------+-----
Transmutations | 1 2 3 6 |  0.0
Dodging        | 2 3 4 5 6 |  6.0
Earth Magic    | 4 5 6 7 |  7.1
Fighting       | 1 2 3 5 6 7 |  7.3
Stealth        | 3 4 5 |  5.0
Conjurations   | 1 2 3 4 5 |  5.1
Spellcasting   | 3 4 |  4.9
Armour         | 2 3 |  3.4
Alchemy        | 4 |  4.0
Ice Magic      | |  0.7
Air Magic      | |  0.4
Invocations    | |  0.8

Action                     |  1- 3 |  4- 6 |  7- 9 | 10-12 || total
---------------------------+-------+-------+-------+-------++-------
  Melee: Unarmed           |     5 |       |       |       ||     5
         Whip              |     4 |       |       |       ||     4
         Dagger            |       |     8 |       |       ||     8
         Hand axe          |       |       |   215 |    21 ||   236
         Punch             |       |       |     7 |       ||     7
  Throw: Dart              |       |       |       |     2 ||     2
   Cast: Sandblast         |    38 |    90 |   107 |    35 ||   270
         Stone Arrow       |       |       |    11 |    13 ||    24
         Brom's Barrelling |       |       |       |    18 ||    18
  Evoke: Wand              |       |     2 |    14 |     5 ||    21
    Use: Scroll            |       |       |     7 |       ||     7
   Stab: Sleeping          |       |       |     1 |       ||     1
         Paralysed         |       |       |       |     3 ||     3
 Armour: Robe              |    25 |    35 |   301 |    78 ||   439
  Dodge: Dodged            |    12 |    30 |   284 |    55 ||   381

Table legend: (Time is in decaauts)
 A = Elapsed time spent in this place.
 B = Non-inter-level travel time spent in this place.
 C = Inter-level travel time spent in this place.
 D = Time resting spent in this place.
 E = Time spent auto-exploring this place.
 F = Levels seen in this place.
 G = Mean time per level.
                   A        B        C        D        E       F      G
               +--------+--------+--------+--------+--------+-----+--------+
         Total |  10713 |   9933 |    780 |   1179 |   5808 |  11 |  973.9 |
       Dungeon |  10478 |   9705 |    773 |   1087 |   5750 |   9 | 1164.2 |
        Temple |     16 |      9 |      7 |      0 |      0 |   1 |   16.0 |
       Ossuary |    218 |    218 |      0 |     92 |     58 |   1 |  218.0 |
               +--------+--------+--------+--------+--------+-----+--------+

Top non-repeatable levels by time:
     D:8: 1603 daAuts
     D:6: 1358 daAuts
     D:5: 1291 daAuts
     D:7: 1213 daAuts
     D:4: 1153 daAuts
     D:2: 1090 daAuts
     D:1: 1082 daAuts
     D:3: 939 daAuts
     D:9: 745 daAuts
 Ossuary: 218 daAuts
  Temple: 16 daAuts
